 Dungeon Crawl Stone Soup version 0.20-a0-949-g916514f (webtiles) character file.

406 Rrauwl the Skirmisher (level 6, 0/49 HPs)
             Began as a Demonspawn Berserker on Apr 4, 2017.
             Was a Believer of Trog.
             Slain by a phantom (7 damage)
             ... on level 4 of the Dungeon.
             The game lasted 00:08:50 (2831 turns).

Rrauwl the Skirmisher (Demonspawn Berserker)        Turns: 2831, Time: 00:08:51

Health: 0/49       AC:  3    Str: 23    XL:     6   Next: 56%
Magic:  6/6        EV: 13    Int: 10    God:    Trog [**....]
Gold:   240        SH:  0    Dex: 13    Spells: 5/5 levels left

rFire    . . .     SeeInvis .   a - +0 mace
rCold    . . .     Gourm    .   (no shield)
rNeg     . . .     Faith    .   (no armour)
rPois    .         Spirit   .   (no helmet)
rElec    .         Reflect  .   f - +0 cloak
rCorr    .         Harm     .   (no gloves)
MR       .....     Clarity  +   (no boots)
Stlth    +.........             (no amulet)
Regen    0.2/turn               r - +4 ring of strength
MPRegen  0.1/turn               (no ring)

@: exhausted, slowed, very slow
A: slimy green scales 1, clarity, clever 1
a: Berserk, Trog's Hand, Burn Spellbooks, Renounce Religion


You were on level 4 of the Dungeon.
You worshipped Trog.
Trog was pleased with you.
You were hungry.

You visited 1 branch of the dungeon, and saw 4 of its levels.

You collected 240 gold pieces.

Inventory:

Hand Weapons
 a - a +0 mace (weapon)
Armour
 b - a +0 pair of gloves
 f - a +0 cloak (worn)
 u - a +0 chain mail
Jewellery
 r - a +4 ring of strength (left hand)
Scrolls
 d - 2 scrolls of teleportation
 g - 3 scrolls of remove curse
 i - 2 scrolls of noise {unknown}
 k - 5 scrolls of identify {unknown}
 m - a scroll of fear {unknown}
 n - a scroll of immolation {unknown}
 q - a scroll of blinking {unknown}
 s - a scroll of recharging {unknown}
Potions
 h - a potion of haste
Comestibles
 c - 3 bread rations
 j - a chunk of flesh
 o - 3 meat rations


   Skills:
 + Level 4.5 Fighting
 + Level 4.1 Maces & Flails
 + Level 3.4 Armour
 + Level 3.5 Dodging


You had 5 spell levels left.
You didn't know any spells.

Dungeon Overview and Level Annotations

Branches:
Dungeon (4/15)
 Temple: D:4-7

Altars:
Nemelex Xobeh
Qazlal


Innate Abilities, Weirdness & Mutations

You are partially covered in slimy green scales. (AC +2)
You possess an exceptional clarity of mind.
Your mind is acute. (Int +2)


Message History

The phantom is severely damaged.
The phantom blinks!
You hit the phantom.
The phantom is severely damaged.
You barely miss the phantom.
The phantom is severely damaged.
The phantom completely misses you.
You hit the phantom.
The phantom is almost destroyed.
You are no longer berserk.
You are exhausted.
You feel yourself slow down. The phantom hits you.
* * * LOW HITPOINT WARNING * * *
You hit the phantom.
The phantom is almost destroyed.
The phantom barely misses you.
The phantom blinks!
You barely miss the phantom.
The phantom is almost destroyed.
The phantom closely misses you. The phantom hits you!
You die...

#.........#.....#.......
#.........#.....#.......
#.........#.....'.......
#.........#.....#.......
#.........#.....#.......
#.........###..###..###.
######......######..###.
#...#......#........#..
#...#.@....#........#..
#...'..W...#........#..
#...#......#........#..
#...#......#........#..
#...#......######...###
#...####..... ##...###
#......#...... #.......
#...........(#.%.....#.......
.............#.......#.....(.


You could see a phantom.

Vanquished Creatures
  A hungry ghost (D:4)
  A centaur (D:4)
  A scorpion (D:4)
  A hound (D:4)
  4 gnolls (D:4)
  3 adders
  A worm (D:2)
  3 dart slugs
  2 leopard geckos
  2 bats
  3 giant cockroaches
  3 goblins
  5 hobgoblins
  3 jackals (D:4)
  7 kobolds
  A quokka (D:2)
  2 ball pythons
  6 frilled lizards
  5 rats
54 creatures vanquished.

Notes
Turn   | Place    | Note
-------+----------+-------------------------------------------
     0 | D:1      | Rrauwl the Demonspawn Berserker began the quest for the Orb.
     0 | D:1      | Reached XP level 1. HP: 18/18 MP: 1/1
   391 | D:1      | Gained mutation: You are partially covered in slimy green scales. (AC +2) [demonic ancestry]
   391 | D:1      | Reached XP level 2. HP: 19/24 MP: 2/2
   810 | D:2      | Reached XP level 3. HP: 9/29 MP: 3/3
  1799 | D:2      | Gained mutation: You possess an exceptional clarity of mind. [potion of mutation]
  1799 | D:2      | Gained mutation: Your mind is acute. (Int +2) [potion of mutation]
  1831 | D:3      | Found a stormy altar of Qazlal.
  1948 | D:3      | Reached ** piety under Trog
  2221 | D:3      | Found a sparkling altar of Nemelex Xobeh.
  2305 | D:4      | Reached XP level 4. HP: 35/35 MP: 4/4
  2461 | D:4      | Reached XP level 5. HP: 42/42 MP: 5/5
  2465 | D:4      | Noticed a centaur
  2479 | D:4      | Killed a centaur
  2482 | D:4      | Reached XP level 6. HP: 38/48 MP: 6/6
  2681 | D:4      | Noticed a hungry ghost
  2699 | D:4      | Killed a hungry ghost
  2831 | D:4      | Slain by a phantom

Vault maps used:
D:1:      moated_graveyard_arrival, minivault_24
D:3:      grunt_qazlal_clouds, nemelex_diamond_rough_becter
D:4:      first_bread

Skill      XL: |  1  2  3  4  5  6 |
---------------+-------------------+-----
Armour         | 2 3 |  3.4
Dodging        | 2 3 |  3.5
Maces & Flails | 3 4 |  4.1
Fighting       | 4 |  4.5

Action                   |  1- 3 |  4- 6 || total
-------------------------+-------+-------++-------
Melee: Mace              |   135 |    77 ||   212
Invok: Berserk           |       |     4 ||     4
  Use: Potion            |     5 |     1 ||     6
       Scroll            |     4 |       ||     4
 Stab: Sleeping          |     2 |       ||     2
       Invisible         |     1 |     4 ||     5
  Eat: Chunk             |     2 |     1 ||     3
       Bread ration      |     1 |       ||     1
       Fruit             |       |     3 ||     3
       Royal jelly       |       |     1 ||     1
Armor: Animal skin       |     9 |       ||     9
       Leather armour    |    28 |       ||    28
       Skin              |     2 |    20 ||    22
Dodge: Dodged            |    94 |    29 ||   123
